 Dungeon Crawl Stone Soup version 0.30-a0-937-ga0a21ad780 (webtiles) character file.

Game seed: 2165713334207807159

226 ragingrage the Insei (level 6, -7/47 HPs)
             Began as a Gnoll Transmuter on Mar 24, 2023.
             Mangled by a killer bee (9 damage)
             ... on level 4 of the Dungeon.
             The game lasted 00:02:49 (2419 turns).

ragingrage the Insei (Gnoll Transmuter)             Turns: 2419, Time: 00:02:50

Health: -7/47      AC:  2    Str:  9    XL:     6   Next: 1%
Magic:  13/13      EV: 14    Int: 15    God:
Gold:   69         SH:  0    Dex: 18    Spells: 9/15 levels left

rFire   . . .      SeeInvis .      - Unarmed
rCold   . . .      Faith    .    (no shield)
rNeg    . . .      Spirit   .    a - +0 robe
rPois   .          Reflect  .    i - melded +0 helmet
rElec   .          Rampage  .    (no cloak)
rCorr   .                        (no gloves)
Will    .....                    (boots currently unavailable)
Stlth   +                        (no amulet)
HPRegen 0.27/turn                e - +6 ring of dexterity
MPRegen 0.13/turn                (no ring)

@: confused, lethally poisoned (-7 -> -20), appendages, ambrosia-drunk,
wereblooded
A: horns 2, talons 2, fangs 1, strong nose, distributed training
a: End Transformation


You were on level 4 of the Dungeon.
You had temporarily grown beastly horns and talons.
You visited 1 branch of the dungeon, and saw 4 of its levels.

You collected 147 gold pieces.
You spent 78 gold pieces at shops.

Inventory:

Armour
 a - a +0 robe (worn)
 i - a +0 helmet (melded)
Jewellery
 e - a +6 ring of dexterity (left hand)
 q - a +6 ring of dexterity
Wands
 j - a wand of flame (8)
Scrolls
 c - 2 scrolls of vulnerability {unknown}
 d - 2 scrolls of identify {unknown}
 f - 6 scrolls of teleportation
 h - a scroll of noise {unknown}
 k - a scroll of fear {unknown}
 p - a scroll of poison {unknown}
Potions
 b - a potion of lignification
 l - a potion of brilliance {unknown}
 m - a potion of flight {unknown}
 n - a potion of heal wounds {unknown}
 o - a potion of curing {unknown}


   Skills:
 + Level 3.1 Fighting
 + Level 1.8 Short Blades
 + Level 1.8 Long Blades
 + Level 1.8 Axes
 + Level 1.8 Maces & Flails
 + Level 1.8 Polearms
 + Level 1.8 Staves
 + Level 1.8 Ranged Weapons
 + Level 1.8 Throwing
 + Level 1.8 Armour
 + Level 4.9 Dodging
 + Level 1.8 Stealth
 + Level 1.8 Shields
 + Level 6.8 Unarmed Combat
 + Level 5.3 Spellcasting
 + Level 1.4 Conjurations
 + Level 1.4 Hexes
 + Level 1.4 Summonings
 + Level 1.4 Necromancy
 + Level 1.4 Translocations
 + Level 4.0 Transmutations
 + Level 1.4 Fire Magic
 + Level 1.4 Ice Magic
 + Level 1.4 Air Magic
 + Level 1.4 Earth Magic
 + Level 1.4 Poison Magic
 + Level 2.0 Invocations
 + Level 1.8 Evocations


You had 9 spell levels left.
You knew the following spells:

 Your Spells              Type           Power      Damage    Failure   Level
a - Beastly Appendage     Tmut           32%        N/A       3%          1
b - Wereblood             Tmut           16%        N/A       4%          2
c - Summon Guardian Gole  Hex/Summ       8%         N/A       26%         3

Your spell library contained the following spells:

 Spells                   Type           Power      Damage    Failure   Level
 Magic Dart               Conj           32%        1d4       9%          1
 Searing Ray              Conj           16%        2d5       13%         2
 Spider Form              Tmut/Pois      12%        N/A       16%         3
 Ice Form                 Ice/Tmut       12%        N/A       45%         4
 Fulminant Prism          Conj/Hex       4%         3d5       65%         4
 Summon Forest            Summ/Tloc      4%         N/A       94%         5
 Summon Mana Viper        Hex/Summ       8%         N/A       94%         5
 Summon Cactus Giant      Summ           4%         N/A       100%        6
 Orb of Destruction       Conj           4%         9d5       100%        7
 Spellforged Servitor     Conj/Summ      4%         N/A       100%        7


Dungeon Overview and Level Annotations

Branches:
Dungeon (4/15)
 Temple: D:4-7

Altars:

Shops:
D:3 ?

Annotations:
D:3 1 runed translucent door, Crazy Yiuf, Sigmund


Innate Abilities, Weirdness & Mutations

You have temporarily grown beastly horns and talons.
You have very sharp teeth.
Your uncanny sense of smell can sniff out nearby items.
Your experience applies equally to all skills.


Message History

Your +0 helmet melds into your body.
You feel sick. The killer bee completely misses you.
The killer bee closely misses you.
Casting: Beastly Appendage (safe; 3% risk of failure)
Your blood is infused with primal strength.
You feel sick. The killer bee stings you. The killer bee misses you.
Unknown command.
You closely miss the killer bee. You claw the killer bee.
Your bite misses the killer bee.
You feel sick.
You are no longer poisoned.
The killer bee closely misses you. The killer bee misses you.
You miss the killer bee. You claw the killer bee. The killer bee misses you.
The killer bee stings you.
You hit the killer bee. You claw the killer bee.
Your bite misses the killer bee. The killer bee misses you.
You hit the killer bee.
You feel a bit better.
You kill the killer bee!
The killer bee stings you.
Your Invocations skill increases to level 2!
You have reached level 6!
You hit the killer bee but do no damage.
Your kick misses the killer bee. The killer bee stings you.
* * * LOW HITPOINT WARNING * * *
You are poisoned.
The killer bee poisons you! The killer bee barely misses you.
You miss the killer bee. Your kick misses the killer bee.
You punch the killer bee.
You bite the killer bee, but do no damage.
You feel very sick. The killer bee stings you.
* * * LOW HITPOINT WARNING * * *
You are more poisoned.
The killer bee poisons you! The killer bee stings you.
* * * LOW HITPOINT WARNING * * *
It was a potion of ambrosia.
You are confused.
You feel invigorated.
* * * LOW HITPOINT WARNING * * *
You feel very sick. The killer bee stings you!
You die...

∆ ### #.####### #.. ∆
#....@y.##### #.#
....#####.#...## ##.##
. ####......# #....
#.......(.#####..## #
#.##)..............
#.##.##.#...#######...
##.......##### #.##
#.......####### #.##
#.###.#.......######.##


You could see a killer bee.

Vanquished Creatures
  A killer bee (D:4)
  A hound (D:4)
  An orc wizard (D:3)
  Terence (D:3)
  Robin (D:2)
  An adder (D:2)
  2 worms
  8 orcs
  4 endoplasms (D:3)
  6 giant cockroaches
  9 goblins
  7 hobgoblins
  A quokka (D:2)
  8 ball pythons
  5 bats
  3 kobolds
  7 rats
66 creatures vanquished.

Notes
Turn   | Place    | Note
-------+----------+-------------------------------------------
     0 | D:1      | ragingrage the Gnoll Transmuter began the quest for the
                  | Orb.
     0 | D:1      | Reached XP level 1. HP: 17/17 MP: 6/6
    85 | D:1      | Reached XP level 2. HP: 22/23 MP: 5/7
    88 | D:1      | Learned a level 2 spell: Wereblood
   671 | D:1      | Reached skill level 5 in Spellcasting
   671 | D:1      | Reached XP level 3. HP: 27/28 MP: 7/9
  1023 | D:2      | Noticed Robin
  1052 | D:2      | Killed Robin
  1053 | D:2      | Reached skill level 1 in Invocations
  1059 | D:2      | Reached skill level 1 in Short Blades
  1059 | D:2      | Reached skill level 1 in Long Blades
  1059 | D:2      | Reached skill level 1 in Axes
  1059 | D:2      | Reached skill level 1 in Maces & Flails
  1059 | D:2      | Reached skill level 1 in Polearms
  1059 | D:2      | Reached skill level 1 in Staves
  1059 | D:2      | Reached skill level 1 in Ranged Weapons
  1059 | D:2      | Reached skill level 1 in Throwing
  1059 | D:2      | Reached skill level 1 in Armour
  1059 | D:2      | Reached skill level 1 in Stealth
  1059 | D:2      | Reached skill level 1 in Shields
  1059 | D:2      | Reached skill level 1 in Evocations
  1292 | D:2      | Learned a level 3 spell: Summon Guardian Golem
  1440 | D:2      | Reached XP level 4. HP: 34/34 MP: 7/11
  1911 | D:3      | Reached skill level 1 in Conjurations
  1911 | D:3      | Reached skill level 1 in Hexes
  1911 | D:3      | Reached skill level 1 in Summonings
  1911 | D:3      | Reached skill level 1 in Necromancy
  1911 | D:3      | Reached skill level 1 in Translocations
  1911 | D:3      | Reached skill level 1 in Fire Magic
  1911 | D:3      | Reached skill level 1 in Ice Magic
  1911 | D:3      | Reached skill level 1 in Air Magic
  1911 | D:3      | Reached skill level 1 in Earth Magic
  1911 | D:3      | Reached skill level 1 in Poison Magic
  1914 | D:3      | Noticed Terence
  1945 | D:3      | Killed Terence
  2083 | D:3      | Found Optetapo's Magic Scroll Shoppe.
  2103 | D:3      | Reached XP level 5. HP: 27/41 MP: 9/12
  2172 | D:3      | Bought 2 scrolls of teleportation for 78 gold pieces
  2198 | D:3      | Found a runed translucent door.
  2199 | D:3      | Noticed Crazy Yiuf
  2316 | D:3      | Noticed Sigmund
  2417 | D:4      | Reached XP level 6. HP: 16/47 MP: 9/13
  2418 | D:4      | HP: 1/47 [killer bee (5)]
  2419 | D:4      | Mangled by a killer bee

Illustrated notes

Levels and vault maps discovered:
D:1:      lemuel_arrival_room, layout_basic
D:2:      layout_basic, uniq_robin
D:3:      layout_rooms, regret_index_temple_of_mockery, general_overflow_altar,
          serial_shops, nicolae_shop_hallway_stairs, minmay_ogre_servants,
          uniq_crazy_yiuf_cottage, uniq_terence, uniq_sigmund
D:4:      layout_loops_cross

Skill      XL: |  1  2  3  4  5 |
---------------+----------------+-----
Spellcasting   | 5 |  5.3
Invocations    | 1 2 |  2.0
Short Blades   | 1 |  1.8
Long Blades    | 1 |  1.8
Axes           | 1 |  1.8
Maces & Flails | 1 |  1.8
Polearms       | 1 |  1.8
Staves         | 1 |  1.8
Ranged Weapons | 1 |  1.8
Throwing       | 1 |  1.8
Armour         | 1 |  1.8
Stealth        | 1 |  1.8
Shields        | 1 |  1.8
Evocations     | 1 |  1.8
Conjurations   | 1 |  1.4
Hexes          | 1 |  1.4
Summonings     | 1 |  1.4
Necromancy     | 1 |  1.4
Translocations | 1 |  1.4
Fire Magic     | 1 |  1.4
Ice Magic      | 1 |  1.4
Air Magic      | 1 |  1.4
Earth Magic    | 1 |  1.4
Poison Magic   | 1 |  1.4
Fighting       | 3 |  3.1
Transmutations | 4 |  4.0
Dodging        | |  4.9
Unarmed Combat | |  6.8

Action                     |  1- 3 |  4- 6 || total
---------------------------+-------+-------++-------
  Melee: Unarmed           |    77 |    72 ||   149
         Headbutt          |     8 |     7 ||    15
         Kick              |     5 |    15 ||    20
         Bite              |     2 |     6 ||     8
         Punch             |     1 |     3 ||     4
   Cast: Beastly Appendage |    14 |    10 ||    24
         Wereblood         |    10 |     8 ||    18
         Summon Guardian G |       |     1 ||     1
    Use: Potion            |       |     1 ||     1
   Stab: Sleeping          |     2 |     2 ||     4
         Distracted        |       |     1 ||     1
 Armour: Robe              |    18 |     8 ||    26
  Dodge: Dodged            |    45 |    41 ||    86

Table legend: (Time is in decaauts)
 A = Elapsed time spent in this place.
 B = Non-inter-level travel time spent in this place.
 C = Inter-level travel time spent in this place.
 D = Time resting spent in this place.
 E = Time spent auto-exploring this place.
 F = Levels seen in this place.
 G = Mean time per level.
                   A        B        C        D        E       F      G
               +--------+--------+--------+--------+--------+-----+--------+
         Total |   2399 |   2307 |     92 |     76 |   1774 |   4 |  599.8 |
       Dungeon |   2399 |   2307 |     92 |     76 |   1774 |   4 |  599.8 |
               +--------+--------+--------+--------+--------+-----+--------+

Top non-repeatable levels by time:
     D:2: 969 daAuts
     D:1: 854 daAuts
     D:3: 494 daAuts
     D:4: 81 daAuts
